 Dungeon Crawl Stone Soup version 0.31-a0-303-gdc8c9485ea (webtiles) character file.

Game seed: 17564519405010190187

5 ryw the Changeling (level 1, -2/17 HPs)
             Began as a Demigod Shapeshifter on July 17, 2023.
             Slain by a gnoll
             ... wielding a +0 spear
              (9 damage)
             ... on level 1 of the Dungeon.
             The game lasted 00:00:33 (168 turns).

ryw the Changeling (Demigod Shapeshifter)            Turns: 168, Time: 00:00:34

Health: -2/17      AC:  2    Str: 16    XL:     1   Next: 53%
Magic:  3/3        EV: 12    Int: 10    God:
Gold:   23         SH:  0    Dex: 14    Spells: 0/0 levels left

rFire   . . .        e - +3 dagger
rCold   . . .        (no shield)
rNeg    . . .        a - +0 animal skin
rPois   .            (helmet currently unavailable)
rElec   .            (cloak currently unavailable)
rCorr   .            (gloves currently unavailable)
SInv    .            (boots currently unavailable)
Will    .....        (no amulet)
Stlth   +            (no ring)
HPRegen 0.22/turn    (no ring)
MPRegen 0.08/turn

%: no passive effects
@: beast-form
A: beast (slay +1), high MP 1, forlorn, divine attributes
a: Begin Untransformation


You were on level 1 of the Dungeon.
You were a hulking beast.
You visited 1 branch of the dungeon, and saw 1 of its levels.

You collected 23 gold pieces.

Inventory:

Hand Weapons
 e - a +3 dagger (weapon)
Armour
 a - a +0 animal skin (worn)
Talismans
 c - a beast talisman
Potions
 b - a potion of lignification
 d - a potion of heal wounds {unknown}
 g - a potion of curing


   Skills:
 + Level 1.9 Fighting
 + Level 1.9 Dodging
 * Level 2.0 Unarmed Combat
 + Level 2.7 Shapeshifting


You couldn't memorise any spells.
You didn't know any spells.
Your spell library was empty.

Dungeon Overview and Level Annotations

Branches:
Dungeon (1/15)


Innate Abilities, Weirdness & Mutations

You are a hulking beast.
Your limbs bulge with bestial killing power. (Slay +1)
You have an increased reservoir of magic. (+10% MP)
You shall have no god before yourself.
Your divine heritage dramatically boosts your attributes as you level up.


Message History

A kobold comes into view. It is wielding a +0 short sword.
You see here a scroll labelled RUKKEY ECAT.
The kobold shouts!
You hear a shout!
The kobold hits you but does no damage.
A kobold comes into view. It is wielding a +0 club.
You closely miss the kobold.
The kobold hits you with a +0 short sword.
You hit the kobold.
You kill the kobold!
You see here a +0 short sword.
You barely miss the kobold. The kobold hits you with a +0 club.
You hit the kobold.
You kill the kobold!
Your Unarmed Combat skill increases to level 2!
No target in view!
No target in view!
A kobold comes into view. It is wielding a +0 whip.
The kobold shouts!
Things that are here:
a +0 club; a kobold corpse You hit the kobold but do no damage.
The kobold hits you with a +0 whip.
You hit the kobold.
You kill the kobold!
No target in view!
No target in view!
A gnoll comes into view. It is wielding a +0 spear.
The gnoll shouts!
The gnoll hits you from afar with a +0 spear.
* * * LOW HITPOINT WARNING * * *
You see here a +0 whip.
Things that are here:
a +0 club; a kobold corpse You see here a +0 short sword.
You see here a scroll labelled RUKKEY ECAT.
As you read the scroll labelled GIHU QOMEUR, it crumbles to dust.
It is a scroll of identify.
g - a potion of curing The gnoll hits you from afar with a +0 spear!
Ouch! That really hurt!
You die...

##..###†####.# #.#
.............## #.#
.#.##.........###.#
...#########......#
#### #..##### #..#
#..# #
#..############.###
#....h.g.).).)....#
#...###########......
###.# ....# #.# ##.#
#.# # #.# #.# ...


You could see a gnoll.

Vanquished Creatures
  2 goblins (D:1)
  A ball python (D:1)
  3 kobolds (D:1)
6 creatures vanquished.

Notes
Turn   | Place    | Note
-------+----------+-------------------------------------------
     0 | D:1      | ryw the Demigod Shapeshifter began the quest for the Orb.
     0 | D:1      | Reached XP level 1. HP: 17/17 MP: 3/3
   168 | D:1      | Slain by a gnoll

Illustrated notes

Levels and vault maps discovered:
D:1:      lightli_arrival_lavapool, layout_loops_ring

Skill      XL: |  1 |
---------------+----+-----
Unarmed Combat | 2 |  2.0
Fighting       | |  1.9
Dodging        | |  1.9
Shapeshifting  | |  2.7

Action                     || total
---------------------------++-------
  Melee: Dagger            ||     8
         Unarmed           ||     7
    Use: Scroll            ||     1
 Armour: Animal skin       ||     3
  Dodge: Dodged            ||     3

Table legend: (Time is in decaauts)
 A = Elapsed time spent in this place.
 B = Non-inter-level travel time spent in this place.
 C = Inter-level travel time spent in this place.
 D = Time resting spent in this place.
 E = Time spent auto-exploring this place.
 F = Levels seen in this place.
 G = Mean time per level.
                   A        B        C        D        E       F      G
               +--------+--------+--------+--------+--------+-----+--------+
         Total |    167 |    167 |      0 |      0 |    114 |   1 |  167.0 |
       Dungeon |    167 |    167 |      0 |      0 |    114 |   1 |  167.0 |
               +--------+--------+--------+--------+--------+-----+--------+

Top non-repeatable levels by time:
     D:1: 167 daAuts
